[Event "Arona Festival 2024"]
[Site "Arona Tenerife"]
[Date "2024.06.23"]
[Round "2.1"]
[White "Yip, Carissa"]
[Black "Pichot, Alan"]
[Result "1/2-1/2"]
[ECO "C45"]
[WhiteElo "2402"]
[BlackElo "2640"]
[Annotator "RC"]
[PlyCount "125"]
[EventDate "2024.06.20"]
[EventType "swiss"]
[EventCountry "ESP"]
[SourceTitle "playchess.com"]
[Source "ChessBase"]
[SourceQuality "1"]
[TimeControl "5400+30"]

1. e4 e5 2. Nf3 Nc6 3. d4 exd4 4. Nxd4 Nf6 5. Nxc6 bxc6 6. Bd3 d5 7. exd5 cxd5 8. O-O Be7 9. c4 d4 10. Bg5 O-O 11. Nd2 a5 12. Re1 h6 13. Qe2 Be6 14. Bh4 Re8 15. Ne4 Nd7 16. Bxe7 Qxe7 17. Ng3 Qb4 18. Nf5 Nf6 19. a3 Qc5 20. Qf3 Bxf5 21. Qxf5 Qxf5 22. Bxf5 Reb8 23. Rab1 a4 24. Re5 c6 25. h3 Rb6 26. Bc2 Kf8 27. Kf1 Nd7 28. Re4 d3 29. Bxd3 Nc5 30. Re3 Rab8 31. Be4 Rd8 32. Bc2 Rd4 33. Rc3 h5 34. Ke2 g6 35. Ke3 Rd8 36. g3 Kg7 37. f3 Rb7 38. Ke2 f5 39. Re3 Kf6 40. g4 Rd4 41. gxf5 gxf5 42. Rd1 Rxd1 43. Kxd1 Rxb2 44. Re8 Ra2 45. Rc8 Ke5 46. Rxc6 Kd4 47. Rd6+ Kc3 48. Rd5 Ra1+ 49. Ke2 Ne6 50. Bxa4 Nf4+ 51. Ke3 Nxd5+ 52. cxd5 Rxa3 53. Bd7 Kc4+ 54. Kf4 Kxd5 55. Bxf5 Kd6 56. h4 Ke7 57. Kg5 Ra5 58. Kg6 Rb5 59. Bd3 Rc5 60. f4 Rc3 61. Be2 Rg3+ 62. Kf5 Rh3 63. Ke4 1/2-1/2

[Event "Arona Festival 2024"]
[Site "Arona Tenerife"]
[Date "2024.06.23"]
[Round "2.2"]
[White "Gupta, Abhijeet"]
[Black "Barria Santos, Jose Guilherme"]
[Result "1-0"]
[ECO "E90"]
[WhiteElo "2589"]
[BlackElo "2410"]
[Annotator "TA"]
[PlyCount "67"]
[EventDate "2024.06.20"]
[EventType "swiss"]
[EventCountry "ESP"]
[SourceTitle "playchess.com"]
[Source "ChessBase"]
[SourceQuality "1"]
[TimeControl "5400+30"]

1. d4 Nf6 2. c4 g6 3. Nc3 Bg7 4. e4 d6 5. Nf3 O-O 6. h3 e5 7. d5 Nh5 8. g3 f5 9. a3 Nf6 10. exf5 {[%emt 0:00:48] White is slightly better.} gxf5 11. Nh4 e4 12. Bg5 Nbd7 13. Nxf5 {[%emt 0:08:17] White is much more active.} Ne5 14. Nh4 {[%emt 0:00:04] Prevents Nf3+. And now Qc2 would win.} Qe8 15. Be3 Nfd7 16. Qc2 (16. Nxe4 Nxc4 17. Qe2 Nxe3 (17... Qxe4 18. Bg2 $14) (17... Bxb2 18. Qxc4 Bxa1 19. Bg2 $11) 18. Qxe3 Nf6 $11 (18... Bxb2 19. Ra2 $15)) 16... Nc5 {[%emt 0:08:12] ...Ned3+ would now be deadly.} 17. O-O-O {[%emt 0:00:58][%cal Oe3c5] Black must now prevent Bxc5!} Ncd3+ {[%emt 0:00:26] [#]} (17... Ned3+ $11 18. Kb1 Rb8) 18. Bxd3 ({White must play} 18. Kb1 $1 $16) 18... exd3 $11 19. Qb3 Qh5 (19... b6 $1 $11) 20. f4 $36 {[%emt 0:08:53][%mdl 2048] Black is under strong pressure.} Nf3 21. Nxf3 (21. Rxd3 $6 Nxh4 22. gxh4 Bf5 $11) 21... Qxf3 22. Bd2 Qxg3 (22... b5 $16) 23. Rhg1 $18 Qh2 24. Nb5 Rf7 25. Nd4 Qxh3 26. Rh1 Qg2 {[%emt 0:00:05] [#]} (26... Qg4 $142 27. Rdg1 (27. Qxd3 Qg6 $16) 27... Bxd4 28. Rxg4+ Bxg4 29. Qxd3 Bf6) 27. Ne6 $1 ({Weaker is} 27. Qxd3 Qg6 28. Qe3 Bg4 $18) 27... Bxe6 28. dxe6 Rf6 29. Rhg1 ({Don't take} 29. Qxd3 Qg6 30. Bc3 Qxd3 31. Rxd3 Rxe6 $18) 29... Qe4 30. Rde1 Qf3 (30... Qd4 31. Kb1 (31. Qxb7 Re8 $18) 31... Rg6) 31. Ref1 {[%emt 0:05:42] White is clearly winning.} Qe4 {[%emt 0:00:05] [#]} 32. f5 {[%emt 0:00:40][%mdl 512] Prevents Rg6} Rxf5 (32... Re8 33. Qc3) 33. Rxf5 Qxf5 34. Qc3 {[%emt 0:03:05] Weighted Error Value: White=0.24 (precise) /Black=0.28 (precise) .  Mistake:       	White=1     	Black=5      Inaccurate:     	White=3     	Black=2      OK:         	White=9     	Black=8      Best:        	White=3     	Black=2      Strong:       	White=1     	---} 1-0

[Event "Arona Festival 2024"]
[Site "Arona Tenerife"]
[Date "2024.06.23"]
[Round "2.3"]
[White "Kulon, Klaudia"]
[Black "Gorshtein, Ido"]
[Result "1/2-1/2"]
[ECO "B12"]
[WhiteElo "2380"]
[BlackElo "2563"]
[Annotator "TA"]
[PlyCount "151"]
[EventDate "2024.06.20"]
[EventType "swiss"]
[EventCountry "ESP"]
[SourceTitle "playchess.com"]
[Source "ChessBase"]
[SourceQuality "1"]
[TimeControl "5400+30"]

1. e4 c6 2. d4 d5 3. e5 Bf5 4. h4 h5 5. Bd3 Bxd3 6. Qxd3 {[%emt 0:00:05] B12: Caro-Kann: Advance Variation.} Qa5+ 7. Nd2 e6 8. Ngf3 Nh6 9. O-O Nf5 10. Nb3 Qa6 11. Qd1 b6 $1 {[%emt 0:00:08] 11...b6 scores better than 11...Nd7.} 12. Bg5 c5 13. dxc5 Bxc5 14. Nxc5 bxc5 15. b3 Nc6 16. c4 $146 ({Predecessor:} 16. Re1 Rb8 17. c3 Qa5 18. Bd2 Qc7 19. Qe2 a5 20. g3 a4 21. Rab1 axb3 22. axb3 {0-1 Diaz Rosas,J (2367)-Cori,J (2652) Mexican op 66th 2021 (4)}) 16... dxc4 17. Qe2 Ncd4 18. Nxd4 Nxd4 19. Qxc4 Qxc4 20. bxc4 Kd7 21. Rfd1 Kc6 22. Rd3 Rhb8 23. Rad1 Rb7 24. f3 Rab8 25. Ra3 Rd7 26. Kf1 Rb4 27. Rc1 Rb2 28. Rd1 Rc2 29. Ra6+ Kb7 30. Ra4 Kc8 31. Rd3 (31. Rd2 $15) 31... Rb7 32. Rd2 Rxd2 33. Bxd2 Rb1+ 34. Kf2 Rb2 35. Ke3 Kb7 36. Kd3 Nc6 37. Kc3 Rb1 38. Be3 Kb6 39. f4 {[%emt 0:01:21] [#]} (39. Ra3 $17 {might work better.}) 39... Re1 (39... Rh1 $1 $19 40. Kd3 Rxh4) 40. Kd3 $17 a5 41. Ra3 Nb4+ 42. Kd2 Ra1 43. Kc3 Rxa2 44. Rxa2 Nxa2+ 45. Kb3 Nb4 46. Bd2 Nc6 47. Bc3 (47. Ka4 $15) 47... Nd4+ 48. Ka4 Nf5 49. Bxa5+ Kc6 50. Be1 Ne3 51. Kb3 Nxg2 52. Bg3 Ne3 53. Kc3 Nf5 54. Bf2 f6 55. Kd3 Ne7 56. Ke4 Nc8 ({Better is} 56... Kb6 $15) 57. f5 $11 exf5+ 58. Kxf5 fxe5 59. Kxe5 Nd6 60. Ke6 Nxc4 61. Kf7 Ne5+ 62. Kxg7 c4 63. Be1 Nf3 64. Bc3 Nxh4 65. Kh6 Kd5 66. Kxh5 Nf3 67. Kg4 Ke4 68. Kg3 Kd3 69. Ba5 Nd4 70. Kf2 Nc6 71. Be1 Nd4 72. Ba5 Nc2 73. Kf1 Ke3 74. Bc3 Kd3 75. Ba5 Nd4 76. Kf2 1/2-1/2

[Event "Arona Festival 2024"]
[Site "Arona Tenerife"]
[Date "2024.06.23"]
[Round "2.4"]
[White "Peralta, Fernando"]
[Black "Kochavi, Ori"]
[Result "1-0"]
[ECO "E41"]
[WhiteElo "2562"]
[BlackElo "2394"]
[Annotator "TA"]
[PlyCount "199"]
[EventDate "2024.06.20"]
[EventType "swiss"]
[EventCountry "ESP"]
[SourceTitle "playchess.com"]
[Source "ChessBase"]
[SourceQuality "1"]
[TimeControl "5400+30"]

1. d4 Nf6 2. c4 e6 3. Nc3 Bb4 4. e3 O-O 5. Bd3 c5 6. Nf3 Nc6 7. O-O Bxc3 8. bxc3 d6 9. e4 e5 10. d5 Ne7 11. Nh4 Ng6 {[%emt 0:00:04] 11...Ng6 is better than 11...h6.} 12. Nf5 Nf4 {[%emt 0:01:30] E41: Nimzo-Indian: Rubinstein: 4...c5 5 Bd3, including Hübner Variation.} 13. Bc2 g6 14. Ne3 N4h5 15. Kh1 $146 ({Predecessor:} 15. f3 Ne8 16. g3 Neg7 17. Rf2 Bh3 18. Rb1 b6 19. Ng2 f5 20. Bh6 Qf6 21. exf5 gxf5 {0-1 L'Ami,E (2627)-Antipov,M (2567) Tata Steel-B 78th 2016 (5)}) 15... Ng7 16. g3 Bh3 17. Rg1 Bd7 18. Rb1 Rb8 19. Rb2 Kh8 20. Bb1 a6 21. f3 Ng8 22. f4 f6 23. f5 b5 24. g4 g5 25. Bd3 Nh6 26. Qe2 Qa5 27. Bd2 Ne8 28. Rgb1 Nc7 29. a4 Qxa4 30. Be1 Qa5 31. cxb5 axb5 32. Ra2 Qb6 33. Nc4 bxc4 34. Rxb6 Rxb6 35. Bxc4 Rfb8 36. Ra7 R6b7 37. Rxb7 Rxb7 38. h3 Nf7 39. Qa2 Kg7 40. Kg1 Kf8 41. Kf1 Ke7 42. Qa5 Nd8 43. Bd3 Nb5 44. Qa1 Ra7 45. Qb2 Rb7 46. Qa1 Ra7 47. Qb2 Rb7 48. Qc1 h6 49. Bf2 Ra7 50. Qb2 Rb7 51. Kg2 Nc7 52. Qa1 Nb5 53. h4 Ra7 54. Qb2 Rb7 55. Qa1 Ra7 56. Qb2 Rb7 57. hxg5 hxg5 58. Be3 Nc7 59. Qa1 Nb5 (59... Bb5 $142) 60. Qb2 Nc7 $1 61. Qc1 Nf7 62. Qa3 Nb5 63. Qb2 Nd8 64. Kg3 Nc7 65. Qc1 Nf7 66. Bc4 Nb5 67. Qa1 Ra7 68. Qb2 Rb7 69. Bd2 Nd8 70. Bd3 Nc7 71. Qa1 Nb5 72. Qh1 Nf7 73. Qa1 Nd8 $1 74. Bc2 Ra7 75. Qb2 Rb7 76. Qc1 Nf7 77. Qb2 Nd8 $1 78. Qc1 Nf7 79. Bd3 Nc7 80. Be3 Nb5 81. Bc4 Nc7 82. Qa3 Ke8 83. Bxc5 dxc5 84. Qxc5 Nb5 85. Bxb5 Rxb5 86. Qa3 Rb6 {[%emt 0:02:07] [#]} 87. c4 $1 Nd6 $2 (87... Rb8 88. c5 Rc8) 88. c5 $18 Nxe4+ (88... Rb8 $142 89. cxd6 Kf8) 89. Kg2 $18 Nxc5 90. Qxc5 Rb2+ 91. Kf3 Rb3+ 92. Kg2 Rb2+ $1 93. Kf3 Rb3+ $1 94. Kf2 Rb2+ 95. Ke3 Rb3+ 96. Kf2 Rb2+ $1 97. Ke3 Rb3+ $1 98. Kd2 Rg3 99. Qb4 Kf7 100. Qd6 (100. d6 $142 Rg2+ 101. Ke3 Rg1 102. Qb7 Ke8 103. Qb8+ Kf7 104. Qd8 Ba4 105. Qc7+ Kg8 106. Qb8+ (106. Qc4+ Kf8 107. Qxa4 Rg3+ 108. Kf2 Rd3 109. Qd7 e4 110. Qe7+ Kg8) 106... Kf7 107. Qb7+ (107. Qa7+ Kf8 108. Qa8+ Kf7 109. Qxa4 Rg3+ 110. Kf2 Rh3 111. Qd7+ Kf8 112. Qe7+ Kg8) 107... Kg8 108. Qa8+ Kf7 109. Qxa4) 1-0

[Event "Arona Festival 2024"]
[Site "Arona Tenerife"]
[Date "2024.06.23"]
[Round "2.5"]
[White "Garcia Blanco, Omar"]
[Black "Socko, Bartosz"]
[Result "0-1"]
[ECO "C11"]
[WhiteElo "2365"]
[BlackElo "2556"]
[Annotator "TA"]
[PlyCount "64"]
[EventDate "2024.06.20"]
[EventType "swiss"]
[EventCountry "ESP"]
[SourceTitle "playchess.com"]
[Source "ChessBase"]
[SourceQuality "1"]
[TimeControl "5400+30"]

1. e4 e6 2. d4 d5 3. Nc3 Nf6 4. e5 Nfd7 5. f4 c5 6. Nf3 Nc6 7. Ne2 Be7 8. c3 O-O 9. g3 cxd4 10. cxd4 f6 11. Bh3 fxe5 {[%emt 0:01:05] The position is equal.} 12. dxe5 (12. Bxe6+ Kh8 13. Bxd7 (13. dxe5 $2 Ndxe5 14. Nxe5 Bxe6 $19) 13... Qxd7 $17 (13... Bxd7 14. Nxe5 Nxe5 15. dxe5 $17)) 12... Qb6 13. Bxe6+ (13. a3 $1 $11) 13... Kh8 $17 {[%emt 0:00:35][%cal Od7e5] ...Ndxe5! would now be deadly.} 14. Bxd5 {[%emt 0:00:03] [#]} (14. Qxd5 $2 Nc5 15. Be3 (15. Bxc8 $2 Nb4 $19) 15... Bxe6 $19) (14. Bxd7 $17 {might work better.} Bxd7 15. Qb3) 14... Ndxe5 $1 15. Nxe5 (15. fxe5 Nxe5 16. Nf4 (16. Nxe5 $2 Bb4+ $19) 16... Bg4 $19) 15... Nxe5 (15... Bb4+ 16. Bd2 Nxe5 17. Qb3 $17) 16. Qb3 Bb4+ 17. Bd2 Bxd2+ (17... Nc6 $1 $19 {has better winning chances.} 18. O-O-O Re8) 18. Kxd2 Qa5+ 19. Nc3 {[%emt 0:00:48] [#]} Ng4 ({Black should play} 19... Rd8 $1 $17 20. Rad1 (20. fxe5 $2 Be6 $19) 20... Ng4) 20. Qa3 {[%emt 0:28:31] [#]} (20. h3 $11 Nf6 21. Rae1) 20... Qd8 $1 {[%emt 0:00:49][%mdl 1024] Black has strong compensation.} 21. Rhe1 {[%emt 0:04:05] Repels Be6} Bf5 {[%emt 0:00:42][%cal Od8b6] Strongly threatening ...Qb6!} 22. h3 Nf6 (22... Nh2 $19 {White must now prevent ...Nf3+.} 23. Re7 Qb6 (23... Bxh3 24. Rh1 $11)) 23. Rad1 (23. Re5 $17 Bxh3 24. Qb3) 23... Qb6 ({Better is} 23... Nxd5 $19 24. Kc1 Re8 (24... Rc8 $2 25. Rxd5 Qb6 26. Rd2 $17) 25. Rxe8+ Qxe8 26. Rxd5 Qe3+ (26... Bxh3 27. Re5 $11) 27. Kd1 Re8 (27... Bxh3 28. Ne2 $15)) 24. Re3 {[%emt 0:07:32][%mdl 8192] This move loses the game for White.} ({Much weaker is} 24. Kc1 Nxd5 25. Rxd5 Qf2 $19 (25... Bxh3 26. Qc5 $11)) (24. Bb3 $17) 24... Rfe8 $19 (24... Bxh3 $2 25. Rde1 $19) 25. Rxe8+ Rxe8 26. Kc1 Qe3+ ({Less strong is} 26... Bxh3 27. Bf7 Qe3+ 28. Kb1 $17) 27. Rd2 Qe1+ (27... Bxh3 $2 28. Bxb7 Rb8 (28... Qxg3 29. Qxa7 Re1+ 30. Nd1 $17) 29. Qa6 $19) 28. Rd1 Qxg3 29. Qa4 Rc8 {[%emt 0:00:00] ( -> ...Rxc3+)} 30. Qb4 Qe3+ 31. Rd2 Nxd5 32. Qxb7 Qe1+ {[%emt 0:00:00][%mdl 32768] Weighted Error Value: White=1.18/Black=0.39.  Loses game:     	White=1     	---        Mistake:       	White=4     	Black=4      OK:         	White=3     	Black=3      Best:        	White=2     	Black=4      Strong:       	---       	Black=1     . Loss on time!?} 0-1

[Event "Arona Festival 2024"]
[Site "Arona Tenerife"]
[Date "2024.06.23"]
[Round "2.6"]
[White "Sankalp Gupta"]
[Black "Vega Gutierrez, Sabrina"]
[Result "1/2-1/2"]
[ECO "D41"]
[WhiteElo "2552"]
[BlackElo "2368"]
[Annotator "TA"]
[PlyCount "79"]
[EventDate "2024.06.20"]
[EventType "swiss"]
[EventCountry "ESP"]
[SourceTitle "playchess.com"]
[Source "ChessBase"]
[SourceQuality "1"]
[TimeControl "5400+30"]

1. d4 Nf6 2. Nf3 d5 3. c4 e6 4. Nc3 c5 5. cxd5 Nxd5 6. e4 Nxc3 7. bxc3 cxd4 8. cxd4 Bb4+ 9. Bd2 Bxd2+ 10. Qxd2 O-O 11. Bc4 Nd7 12. O-O b6 13. Rad1 Bb7 14. Rfe1 Rc8 15. Bd3 h6 16. Bb1 Qc7 17. d5 exd5 18. exd5 Rfe8 {[%emt 0:01:20] Wards off Re7} 19. d6 Qc5 20. Rxe8+ Rxe8 21. Qc2 Qxc2 22. Bxc2 Bxf3 23. gxf3 $11 {[%emt 0:00:03][%mdl 4096] Endgame. KRB-KRN} Rd8 24. Kg2 Nf6 25. Ba4 Kf8 26. Rc1 (26. d7 $11 {keeps the balance.}) 26... Nd5 $1 $17 (26... Rxd6 27. Rc8+ Ke7 28. Rc7+ Kf8 29. Rc8+ Ke7 30. Rc7+ Kf8 31. Rc8+ $11) 27. Rc6 {[%emt 0:05:06] [#]} Nf4+ $1 28. Kf1 {[%emt 0:02:51] [#]} Ne6 $1 29. f4 Nd4 (29... Nxf4 30. Bb3 $15) 30. Rc7 b5 ({Resist} 30... Rxd6 31. Rxa7 b5 32. Bd1 $15) 31. Bd1 a6 ({Don't take} 31... Rxd6 32. Rxa7 g6 33. a4) 32. d7 Ke7 (32... Ne6 $17 33. Ra7 Nc5) 33. Ra7 $15 ({Avoid the trap} 33. Bg4 $2 f5 34. Be2 Rxd7 $19) 33... Rxd7 34. Rxa6 Ne6 35. Bg4 Rd4 36. Bxe6 $1 fxe6 37. Ra5 Rb4 38. Kg2 Kf6 39. Kg3 Rb2 40. a4 {Weighted Error Value: White=0.10 (very precise) /Black=0.05 (flawless) .  Mistake:       	White=1     	Black=1      Inaccurate:     	White=1     	Black=1      OK:         	White=10    	Black=11     Best:        	---       	Black=2      Strong:       	White=1     	Black=3} 1/2-1/2

[Event "Arona Festival 2024"]
[Site "Arona Tenerife"]
[Date "2024.06.23"]
[Round "2.7"]
[White "Savitha Shri B"]
[Black "Erdos, Viktor"]
[Result "0-1"]
[ECO "B28"]
[WhiteElo "2356"]
[BlackElo "2539"]
[Annotator "TA"]
[PlyCount "82"]
[EventDate "2024.06.20"]
[EventType "swiss"]
[EventCountry "ESP"]
[SourceTitle "playchess.com"]
[Source "ChessBase"]
[SourceQuality "1"]
[TimeControl "5400+30"]

1. e4 c5 2. Nf3 a6 3. c4 Nc6 4. Nc3 e5 5. Be2 d6 6. O-O Be7 7. d3 f5 8. exf5 {[%emt 0:10:38] The position is equal.} Bxf5 9. Nd5 Nf6 10. Nh4 Be6 11. Nxe7 Qxe7 12. f4 (12. Bg5 $11) 12... O-O-O 13. Nf3 Rhe8 14. Ng5 Bg8 15. Bf3 ({White should play} 15. Re1 $15) 15... d5 $17 16. cxd5 Bxd5 (16... Nxd5 17. fxe5 h6 (17... Qxe5 18. Be4 $15) (17... Nxe5 18. Bh5 $15) 18. Ne4 $15) 17. fxe5 Nxe5 18. Be2 h6 19. Nh3 Bc6 20. Bf4 Qd6 {[%emt 0:03:54] Black has more active pieces.} 21. Nf2 (21. Bxe5 $17 {was worth a try.} Rxe5 (21... Qxe5 $2 22. Bf3 $19) 22. Bf3) 21... Qd5 $19 22. Bf3 Nxf3+ 23. Qxf3 Qxf3 24. gxf3 Nd5 (24... Nh5 $19 {and Black stays clearly on top.} 25. Bg3 Nxg3 (25... Bxf3 $2 26. Rac1 $19) 26. hxg3 Rf8 (26... Bxf3 $2 27. Rfc1 $19)) 25. Bg3 $17 Nb4 26. Rac1 b6 27. a3 Nxd3 28. Nxd3 Rxd3 29. b4 (29. Rfe1 $17 {was called for.}) 29... Rxa3 $19 (29... Bxf3 30. a4 $17) 30. bxc5 b5 (30... Rxf3 31. Rxf3 Bxf3 32. cxb6+ Kb7 33. Rc7+ Kxb6 34. Rxg7 $11) (30... Bxf3 $2 {perishes.} 31. cxb6+ Kd8 (31... Kb7 32. Rc7+ Kb8 33. Rxg7+ Kc8 34. Rc1+ Kd8 35. Bc7+ Kc8 36. Be5+ Kd8 37. Bf6+) 32. b7 Bxb7 33. Rfd1+ Ke7 34. Re1+ Kf6 (34... Kf8 $2 35. Bd6+ Kf7 36. Rxe8 $18) 35. Rxe8 $18) 31. Rfe1 Rae3 32. f4 (32. Rxe3 {might work better.} Rxe3 33. Rd1) 32... a5 33. Red1 $2 {[%emt 0:00:28] [#]} (33. Rxe3 Rxe3 34. Re1 Rxe1+ 35. Bxe1) 33... b4 {[%emt 0:00:44] Black is clearly winning.} 34. Rd6 Kb7 35. Rd4 R3e4 36. Rd3 Ka6 37. f5 Kb5 38. Bf2 a4 {[%emt 0:02:06] And now ...b3 would win.} 39. Rg3 R8e7 {[%emt 0:00:00] [#] Threatens to win with ...b3.} 40. Rd1 b3 41. h3 Rf4 {[%emt 0:00:00] Weighted Error Value: White=0.61/Black=0.18 (very precise) .  Mistake:       	White=6     	Black=1      Inaccurate:     	White=1     	---        OK:         	White=10    	Black=16     Best:        	---       	Black=1} 0-1

[Event "Arona Festival 2024"]
[Site "Arona Tenerife"]
[Date "2024.06.23"]
[Round "2.8"]
[White "Stremavicius, Titas"]
[Black "Khayrullin, Denis"]
[Result "1/2-1/2"]
[ECO "A20"]
[WhiteElo "2538"]
[BlackElo "2359"]
[Annotator "TA"]
[PlyCount "51"]
[EventDate "2024.06.20"]
[EventType "swiss"]
[EventCountry "ESP"]
[SourceTitle "playchess.com"]
[Source "ChessBase"]
[SourceQuality "1"]
[TimeControl "5400+30"]

1. c4 e5 2. a3 Nf6 3. d3 Nc6 4. Nf3 d5 5. cxd5 Nxd5 6. e4 Nb6 7. Be2 Be7 8. Be3 Be6 9. Nbd2 O-O 10. Rc1 f5 11. Qc2 Kh8 12. Nb3 f4 13. Bd2 a5 (13... Qe8 $14) 14. Nc5 $11 Bxc5 15. Qxc5 Bg4 16. b4 ({White should play} 16. Qb5 $15) 16... Bxf3 17. gxf3 {[%emt 0:00:17] [#]} (17. Bxf3 $142 axb4 (17... Qxd3 18. bxa5 Na4 19. Qc4 $15) 18. Bxb4 Qxd3 19. Rc3 Nxb4 20. Qxb4) 17... axb4 $1 $17 18. axb4 Nd7 (18... Qg5 $19 {Hoping for ...Na4.} 19. Kf1 Qf6 (19... Nd4 20. h4 $17)) 19. Qc4 Nb6 (19... Re8 $142 20. Bc3 Nb6) 20. Qc5 Nd7 ({Better is} 20... Qg5 {White must now prevent ...Na4.} 21. Kf1 Qh4 (21... Nd4 22. h4 $17)) 21. Qc4 $1 Nb6 22. Qc5 Nd7 23. Qc4 Nb6 24. Qc5 Nd7 (24... Qf6 $142 25. Bd1 Rfd8) 25. Qc4 $1 Nb6 (25... Qf6 $17 26. Bc3 Nb6) 26. Qc5 {[%emt 0:00:02] Weighted Error Value: White=0.08 (flawless) /Black=0.51.  Mistake:       	White=2     	Black=6      Inaccurate:     	---       	Black=2      OK:         	White=6     	Black=4      Best:        	White=3     	---        Strong:       	White=2     	Black=1} 1/2-1/2

[Event "Arona Festival 2024"]
[Site "Arona Tenerife"]
[Date "2024.06.23"]
[Round "2.9"]
[White "Ortega Hermida, Daniel"]
[Black "Krysa, Leandro"]
[Result "0-1"]
[ECO "C77"]
[WhiteElo "2351"]
[BlackElo "2535"]
[Annotator "TA"]
[PlyCount "80"]
[EventDate "2024.06.20"]
[EventType "swiss"]
[EventCountry "ESP"]
[SourceTitle "playchess.com"]
[Source "ChessBase"]
[SourceQuality "1"]
[TimeControl "5400+30"]

1. e4 e5 2. Nf3 Nc6 3. Bb5 a6 4. Ba4 Nf6 5. Nc3 Be7 6. d3 b5 7. Bb3 d6 8. a4 Bg4 9. Be3 {[%emt 0:13:06] Wards off Nd4} Na5 10. Ba2 b4 {[%emt 0:01:32] The position is equal.} 11. Nd5 Nxd5 12. Bxd5 c6 13. Ba2 O-O 14. h3 Bxf3 15. Qxf3 {[%emt 0:00:06] [#]} b3 $1 $36 {[%emt 0:01:56][%mdl 2048] Black is pushing.} 16. cxb3 Rb8 17. O-O Nxb3 18. Rab1 Qa5 19. Qd1 Qxa4 20. Ra1 c5 21. Bc1 {[%emt 0:04:29] Black continues to play with concentration.} Rb4 {[%emt 0:08:41] Black has more active pieces.} (21... Qa5 {simplifies} 22. Bd2 Qxd2 23. Bxb3 Qxd1 24. Bxd1 Rb6) 22. Bxb3 (22. Bd2 $1 $15 Nxa1 23. Qxa1) 22... Qxa1 $17 23. Qc2 Rfb8 24. Bd2 {[%emt 0:03:22] [#]} (24. Bg5 $142 Qxf1+ (24... Qa5 25. Bd2 $15) 25. Kxf1 Bxg5 26. Ba2) 24... Qxf1+ $3 $19 25. Kxf1 Rxb3 26. Bc1 h6 27. Qc4 R3b6 28. g3 Bg5 29. Bxg5 hxg5 {[%emt 0:00:03][%mdl 4096] Endgame. KQ-KRR} 30. Kg2 a5 ({Don't do} 30... Rxb2 31. Qxa6 Rd8 32. Qc6) 31. Qd5 (31. Kf3 {keeps fighting.}) 31... a4 ({Much less strong is} 31... Rxb2 32. Qc6 $19) 32. Qc4 Ra8 (32... Rxb2 33. Qxa4 Rd2 34. Qa6 $19) 33. Qd5 (33. Qc2 {was necessary.}) 33... Raa6 34. Qc4 Ra5 35. Qc3 Rab5 36. Qc2 Rb4 (36... Rxb2 37. Qxa4 g6 38. h4 $17) 37. Kf3 $2 (37. h4) 37... Rb3 (37... Rxb2 38. Qxa4 g6 39. Qa5 $19) 38. Qc4 R3b4 (38... Rxb2 39. Qxa4 g6 40. Qe8+ Kg7 41. h4 $17) 39. Qc2 Rd4 {[%emt 0:00:15] Strongly threatening ...Rb3.} ({Weaker is} 39... Rxb2 40. Qxa4 g6 41. h4 $17) 40. Kg4 Rb3 {[%emt 0:00:24] Weighted Error Value: White=0.40/Black=0.35.  Mistake:       	White=5     	---        Inaccurate:     	White=2     	Black=2      OK:         	White=10    	Black=18     Best:        	White=1     	Black=3      Brilliant:      	---       	Black=1} 0-1